 Dungeon Crawl Stone Soup version 0.28.0-47-ge53b351184 (webtiles) character file.

Game seed: 3841954435662146848

2135 bobregger the Nimble (level 9, -1/82 (84) HPs)
             Began as an Ogre Berserker on May 3, 2022.
             Was a Believer of Trog.
             Succumbed to a killer bee's poison
             ... on level 6 of the Dungeon.
             The game lasted 00:07:55 (8795 turns).

bobregger the Nimble (Ogre Berserker)               Turns: 8795, Time: 00:07:56

HP:   -1/82 (84)    AC:  5    Str: 23    XL:     9   Next: 30%
MP:   9/9           EV: 14    Int:  8    God:    Trog [**....]
Gold: 1117          SH:  0    Dex: 12    Spells: 8/8 levels left

rFire   . . .      SeeInvis .   n - +0 flail (protect)
rCold   . . .      Faith    .   (no shield)
rNeg    . . .      Spirit   .   b - +1 animal skin
rPois   .          Reflect  .   (helmet restricted)
rElec   .          Harm     .   r - +0 cloak
rCorr   +          Rampage  .   (gloves unavailable)
Will    .....                   (boots unavailable)
Stlth   +.........              (no amulet)
HPRegen 0.23/turn               e - ring of resist corrosion
MPRegen 0.11/turn               (no ring)

@: lethally poisoned (-1 -> -14), on berserk cooldown, slowed, lightly drained,
very slow
A: large, unfitting armour, tough skin 1
a: Renounce Religion, Berserk, Trog's Hand


You were on level 6 of the Dungeon.
You worshipped Trog.
Trog was pleased with you.
You visited 1 branch of the dungeon, and saw 7 of its levels.

You collected 1117 gold pieces.

Inventory:

Hand Weapons
 n - a +0 flail of protection (weapon)
Missiles
 o - 2 throwing nets (quivered)
Armour
 b - a +1 animal skin (worn)
 r - a +0 cloak (worn)
Jewellery
 e - a ring of resist corrosion (left hand)
 h - a ring of magical power
Wands
 a - a wand of flame (22)
 k - a wand of iceblast (17)
 l - a wand of charming (4)
Scrolls
 c - 3 scrolls of teleportation
 d - a scroll of fog
 g - 4 scrolls of identify
 j - a scroll of fear
 s - a scroll of silence {unknown}
Potions
 f - 3 potions of heal wounds
 i - 2 potions of might
 m - a potion of flight
 p - 2 potions of lignification
 q - 3 potions of curing


   Skills:
 - Level 4.0 Fighting
 - Level 2.6 Maces & Flails
 + Level 11.3 Dodging


You had 8 spell levels left.
You didn't know any spells.
Your spell library was empty.

Dungeon Overview and Level Annotations

Branches:
Dungeon (7/15)             Temple (0/1) D:6

Altars:
Fedhas
Hepliaklqana
Uskayaw
Vehumet

Shops:
D:5 [


Innate Abilities, Weirdness & Mutations

You are too large for most types of armour.
You have tough skin. (AC +1)


Message History

You feel very sick. The killer bee barely misses you.
The killer bee closely misses you. The killer bee misses you.
The killer bee stings you. x2
You are more poisoned.
The killer bee poisons you!
You miss the killer bee.
You feel very sick. The killer bee stings you.
* * * LOW HITPOINT WARNING * * *
The killer bee closely misses you. The killer bee stings you.
* * * LOW HITPOINT WARNING * * *
You are more poisoned.
The killer bee poisons you! The killer bee barely misses you.
The killer bee stings you!
* * * LOW HITPOINT WARNING * * *
The killer bee completely misses you.
You miss the killer bee.
* * * LOW HITPOINT WARNING * * *
You feel very sick. The killer bee barely misses you.
The killer bee stings you.
* * * LOW HITPOINT WARNING * * *
The killer bee barely misses you. The killer bee misses you.
You closely miss the killer bee.
* * * LOW HITPOINT WARNING * * *
You feel very sick. The killer bee closely misses you.
The killer bee misses you.
The killer bee stings you but does no damage.
The killer bee closely misses you. The killer bee misses you.
The killer bee stings you.
* * * LOW HITPOINT WARNING * * *
* * * LOW HITPOINT WARNING * * *
You feel sick. The killer bee barely misses you. The killer bee stings you!
* * * LOW HITPOINT WARNING * * *
The killer bee barely misses you.
Unknown command.
You feel a strong urge to attack something.
You are no longer berserk.
You are exhausted.
You feel yourself slow down.
You die...

..# #.##...8.8.8...# #...
#.###########.##....⌠.⌠..### #...
..##...............8(>.8.# #...
.###................⌠.⌠..## ####
..##...............8.8.8..#
..........................##
#.#.............#yy#....(..#
#.#...............y##......#
#.#.............@..##......#
#..........................######
###...............#####..........
# #...............#####...#......
# ######.......#.......#.##......
# #.......#.#####.#.##)..... #
#.......#.# ###.#.##...... #####
#.........# #...#.##...... ....#
#.......### #.#.#.##......


You could see 3 killer bees.

Vanquished Creatures
  Sigmund (D:4)
  Edmund (D:3)
  2 black bears (D:6)
  2 necrophages (D:6)
  3 sky beasts
  An ogre (D:5)
  2 centaurs
  2 phantoms (D:4)
  A scorpion (D:4)
  A water moccasin zombie (D:5)
  2 killer bees (D:6)
  A jelly (D:6)
  2 hounds (D:4)
  An orc priest (D:6)
  Crazy Yiuf (D:6)
  A bullfrog skeleton (D:5)
  Ijyb (D:3)
  Terence (D:2)
  5 orc wizards
  4 iguanas
  6 adders
  4 gnolls (D:6)
  An ufetubus (D:4)
  3 worms (D:2)
  3 dart slugs
  18 orcs
  3 bats (D:1)
  6 endoplasms
  6 goblins
  5 hobgoblins
  3 jackals (D:3)
  A quokka (D:1)
  5 ball pythons
  3 frilled lizards
  6 kobolds
  8 rats
  A spectral goblin (D:6)
117 creatures vanquished.

Vanquished Creatures (others)
  3 fungi (D:3)
  8 plants
11 creatures vanquished.

Grand Total: 128 creatures vanquished

Notes
Turn   | Place    | Note
-------+----------+-------------------------------------------
     0 | D:1      | bobregger the Ogre Berserker began the quest for the Orb.
     0 | D:1      | Reached XP level 1. HP: 24/24 MP: 1/1
   179 | D:1      | Reached skill level 3 in Dodging
   184 | D:1      | Reached XP level 2. HP: 22/32 MP: 2/2
   572 | D:1      | Reached XP level 3. HP: 26/39 MP: 3/3
   897 | D:2      | Found a hide-covered altar of Uskayaw.
  1133 | D:2      | Reached skill level 4 in Dodging
  1415 | D:2      | Noticed Terence
  1423 | D:2      | Killed Terence
  1424 | D:2      | Reached XP level 4. HP: 48/48 MP: 4/4
  1912 | D:3      | Reached skill level 5 in Dodging
  1912 | D:3      | Reached XP level 5. HP: 54/54 MP: 5/5
  2215 | D:3      | Reached ** piety under Trog
  2222 | D:3      | Found a faded altar of an unknown god.
  2243 | D:3      | Noticed Ijyb
  2251 | D:3      | Killed Ijyb
  3069 | D:4      | Noticed Edmund
  3070 | D:4      | Noticed Sigmund
  3106 | D:3      | Killed Edmund
  3107 | D:3      | Reached skill level 6 in Dodging
  3107 | D:3      | Reached XP level 6. HP: 62/62 MP: 6/6
  3198 | D:3      | Identified a scroll of acquirement
  3198 | D:3      | Acquired 880 gold pieces
  3258 | D:4      | Killed Sigmund
  3488 | D:4      | Reached skill level 7 in Dodging
  3566 | D:4      | Reached XP level 7. HP: 46/70 MP: 7/7
  4071 | D:4      | Reached skill level 8 in Dodging
  4125 | D:4      | Found a blossoming altar of Fedhas.
  4627 | D:5      | Entered Level 5 of the Dungeon
  4670 | D:5      | Reached XP level 8. HP: 30/78 MP: 8/8
  5102 | D:5      | Reached skill level 9 in Dodging
  5183 | D:5      | Found Gutel's Antique Armour Boutique.
  5459 | D:5      | Found a radiant altar of Vehumet.
  5971 | D:6      | Found a staircase to the Ecumenical Temple.
  6921 | D:6      | Found a runed translucent door.
  6922 | D:6      | Noticed Crazy Yiuf
  7144 | D:6      | Killed Crazy Yiuf
  7145 | D:6      | Reached skill level 10 in Dodging
  7355 | D:6      | Reached XP level 9. HP: 84/84 MP: 9/9
  7939 | D:6      | Found a hazy altar of Hepliaklqana.
  8014 | D:6      | Reached skill level 11 in Dodging
  8794 | D:6      | HP: 2/123 [killer bee (7)]
  8795 | D:6      | Succumbed to a killer bee's poison

Illustrated notes

Levels and vault maps discovered:
D:1:      saegor_arrival_under_anarchy, layout_rooms, st_stairs_2,
          serial_bayou_pond_e
D:2:      layout_rooms, basic_altar, moated_statue, uniq_terence
D:3:      layout_basic, shapermc_ecumenical_altar_mp_urbaneastern,
          minmay_misc_feat_hallway, minivault_23, uniq_ijyb
D:4:      layout_basic, mainiacjoe_overflow_24_doors, sigmund_edmund_badplayer
D:5:      nicolae_cairo_tiling, layout_basic,
          mainiacjoe_overflow_surrounded_room, serial_shops,
          nicolae_shop_advertising_works [nicolae_subvault_shop_adworks]
D:6:      layout_basic, nicolae_hepliaklqana_monster_ancestors,
          minmay_temple_entry_statues_fountains, uniq_edmund,
          uniq_crazy_yiuf_cottage
D:7:      layout_layer_cave, gammafunk_ghost_abyssal_escape

Skill      XL: |  1  2  3  4  5  6  7  8  9 |
---------------+----------------------------+-----
Dodging        | 3 4 5 6 7 8 10 11 | 11.3
Fighting       | |  4.0
Maces & Flails | |  2.6

Action                   |  1- 3 |  4- 6 |  7- 9 || total
-------------------------+-------+-------+-------++-------
Melee: Mace              |    95 |    66 |       ||   161
       Punch             |     1 |     2 |     2 ||     5
       Flail             |       |    30 |   344 ||   374
Invok: Berserk           |     1 |     4 |     9 ||    14
       Trog's Hand       |       |       |     1 ||     1
  Use: Scroll            |       |     6 |     6 ||    12
       Potion            |       |     3 |       ||     3
Armor: Animal skin       |    30 |    23 |   202 ||   255
Dodge: Dodged            |    55 |    59 |   402 ||   516
